 Dungeon Crawl Stone Soup version 0.23-a0-644-gb60d84b (webtiles) character file.

1553 Borgoz the Covert (level 9, -13/59 HPs)
             Began as a Halfling Assassin on Jan 2, 2019.
             Was an Initiate of Dithmenos.
             Mangled by an ogre
             ... wielding a +0 giant club
              (16 damage)
             ... on level 7 of the Dungeon.
             The game lasted 00:26:46 (8228 turns).

Borgoz the Covert (Halfling Assassin)               Turns: 8228, Time: 00:26:47

Health: -13/59     AC:  7    Str: 13 (14) XL:     9   Next: 12%
Magic:  0/9        EV: 19    Int:  9      God:    Dithmenos [......]
Gold:   342        SH:  0    Dex: 21      Spells: 8/8 levels left

rFire    . . .     SeeInvis .   a - +2 dagger
rCold    . . .     Gourm    .   (shield restricted)
rNeg     + . .     Faith    .   i - +2 robe {rN+}
rPois    +         Spirit   +   (no helmet)
rElec    .         Reflect  .   s - +2 cloak {rPois}
rCorr    .         Harm     .   (no gloves)
MR       .....                  (no boots)
Stlth    +++++.....             m - amulet of guardian spirit
HPRegen  0.19/turn              c - ring of stealth
MPRegen  0.11/turn              y - +4 ring of dexterity

@: no status effects
A: small, mutation resistance 1
a: Renounce Religion


You were on level 7 of the Dungeon.
You worshipped Dithmenos.
Dithmenos was noncommittal.
You were very hungry.

You visited 2 branches of the dungeon, and saw 8 of its levels.

You collected 342 gold pieces.

Inventory:

Hand Weapons
 a - a +2 dagger (weapon)
 b - a +0 blowgun
 k - a +1 whip of pain
 o - a +4 quarterstaff of chaos
 v - a +0 dagger of venom
 w - a +0 dagger of freezing
Missiles
 e - 36 poisoned needles
 f - 2 curare-tipped needles
Armour
 i - a +2 robe of positive energy (worn)
 s - a +2 cloak of poison resistance (worn)
Jewellery
 c - a ring of stealth (left hand)
 j - an uncursed amulet of the gourmand
 m - an amulet of guardian spirit (around neck)
 y - a +4 ring of dexterity (right hand)
Wands
 l - a wand of polymorph (2)
 q - a wand of iceblast (11)
Scrolls
 d - a scroll of magic mapping
 h - a scroll of teleportation
 n - 3 scrolls of remove curse
 p - a scroll of enchant weapon {unknown}
 r - a scroll of fear
Potions
 t - 2 potions of magic
 u - a potion of brilliance
 x - a potion of degeneration
Comestibles
 g - 9 rations


   Skills:
 + Level 4.5 Fighting
 + Level 7.4 Short Blades
 + Level 2.4 Throwing
 + Level 5.1 Dodging
 + Level 8.4 Stealth


You had 8 spell levels left.
You didn't know any spells.
Your spell library contained the following spells:

 Spells                   Type           Power        Failure   Level  Hunger
 Animate Skeleton         Necr           N/A          38%         1    ##.....
 Pain                     Necr           #...         38%         1    ##.....
 Regeneration             Chrm/Necr      #.........   77%         3    ####...
 Vampiric Draining        Necr           #.........   77%         3    ####...
 Animate Dead             Necr           N/A          99%         4    #####..


Dungeon Overview and Level Annotations

Branches:
Dungeon (7/15)             Temple (1/1) D:5

Altars:
Ashenzari
Cheibriados
Dithmenos
Elyvilon
Fedhas
Gozag
Hepliaklqana
Kikubaaqudgha
Makhleb
Nemelex Xobeh
Okawaru
Qazlal
Ru
Trog
Uskayaw
Vehumet
Wu Jian
Yredelemnul
Zin
The Shining One

Shops:
D:2 *   D:6 %%

Annotations:
D:5 Pikel


Innate Abilities, Weirdness & Mutations

You are small and have problems with some larger weapons.
You are somewhat resistant to further mutation.


Message History

The iguana closely misses you. The ogre barely misses you.
You hit the iguana but do no damage. The shadow imp gestures at you.
You struggle to resist.
The iguana bites you!
You hit the ogre.
The ogre is severely wounded.
The ogre hits you with a +0 giant club!!
* * * LOW HITPOINT WARNING * * *
Okay, then.
The shadow imp gestures at you.
You struggle to resist.
There is a stone staircase leading up here.
A hornet zombie comes into view.
Found a scroll labeled PALIALANOA.
There is a stone staircase leading down here.
The shadow imp gestures at you. Pain shoots through your body!
* * * LOW HITPOINT WARNING * * *
The ogre hits you with a +0 giant club!
You die...

#######
#.####.......####
#.#..........?..##
#................#
##................#
#.............@...#
#.#..........Ol...#
##.#.........5Z....#
##....<......>.....##
?................###
...#..############
).[##..# ).)###..#
.>## #..#


You could see an ogre, an iguana, a shadow imp and a hornet zombie (dormant).

Vanquished Creatures
  Sigmund (D:2)
  A black bear (D:6)
  3 ogres
  3 centaurs
  A bullfrog (D:3)
  2 scorpions
  A howler monkey (D:6)
  3 jellies
  Crazy Yiuf (D:2)
  3 orc priests
  2 orc wizards
  A centaur skeleton (D:4)
  2 iguanas
  Ijyb (D:4)
  2 worker ants (D:5)
  A hound skeleton (D:5)
  Robin (D:2)
  3 adders
  A shadow imp (D:5)
  An adder skeleton (D:4)
  5 worms
  4 dart slugs
  2 leopard geckos
  13 orcs
  7 bats
  7 giant cockroaches
  20 goblins
  9 hobgoblins
  6 jackals
  4 quokkas
  2 frilled lizards
  5 kobolds
  A leopard gecko zombie (D:5)
  4 rats
123 creatures vanquished.

Notes
Turn   | Place    | Note
-------+----------+-------------------------------------------
     0 | D:1      | Borgoz the Halfling Assassin began the quest for the Orb.
     0 | D:1      | Reached XP level 1. HP: 14/14 MP: 1/1
   310 | D:1      | Reached XP level 2. HP: 18/19 MP: 2/2
   368 | D:1      | Reached skill level 5 in Stealth
  1197 | D:2      | Noticed Robin
  1201 | D:2      | Reached XP level 3. HP: 24/24 MP: 3/3
  1423 | D:2      | Found an opulent altar of Gozag.
  1436 | D:2      | Noticed Sigmund
  1473 | D:2      | Killed Sigmund
  1473 | D:2      | Reached skill level 6 in Stealth
  1473 | D:2      | Reached XP level 4. HP: 17/30 MP: 2/4
  1473 | D:2      | Reached XP level 5. HP: 20/35 MP: 2/5
  1473 | D:2      | Reached XP level 6. HP: 23/41 MP: 2/6
  1643 | D:2      | Killed Robin
  2062 | D:2      | Found a hide-covered altar of Uskayaw.
  2083 | D:2      | Found Gozag's Platinum Reserve.
  2276 | D:2      | Found a runed door.
  2566 | D:2      | Noticed Crazy Yiuf
  2585 | D:2      | HP: 3/63 [Crazy Yiuf/+4 quarterstaff of chaos (4)]
  2594 | D:2      | HP: 2/63 [Crazy Yiuf/+4 quarterstaff of chaos (8)]
  2599 | D:2      | Killed Crazy Yiuf
  3027 | D:4      | Reached XP level 7. HP: 25/46 MP: 4/7
  3324 | D:4      | Found a sacrificial altar of Ru.
  3479 | D:4      | Reached skill level 5 in Short Blades
  3479 | D:4      | Reached skill level 7 in Stealth
  3512 | D:4      | Found a glowing golden altar of the Shining One.
  3523 | D:4      | Found a glowing silver altar of Zin.
  3575 | D:4      | Found a glowing drain.
  3885 | D:3      | Found a radiant altar of Vehumet.
  4682 | D:4      | Noticed Ijyb
  4725 | D:4      | Killed Ijyb
  4756 | D:4      | Reached XP level 8. HP: 41/52 MP: 2/8
  5052 | D:5      | Entered Level 5 of the Dungeon
  6083 | D:5      | Noticed Pikel
  6762 | D:5      | Found a staircase to the Ecumenical Temple.
  6775 | Temple   | Entered the Ecumenical Temple
  6965 | Temple   | Became a worshipper of Dithmenos the Shadowed
  7294 | D:5      | HP: 2/54 [Pikel/+1 whip of electrocution (13)]
  7450 | D:6      | Found Jerutyet's Food Shop.
  7744 | D:6      | Reached skill level 5 in Dodging
  7843 | D:6      | Found an iron altar of Okawaru.
  7851 | D:6      | Found Hogad's Food Shoppe.
  7895 | D:6      | Reached skill level 8 in Stealth
  7895 | D:6      | Reached XP level 9. HP: 59/59 MP: 9/9
  8224 | D:7      | HP: 2/59 [shadow imp/nerve-wracking pain (3)]
  8228 | D:7      | Mangled by an ogre

Vault maps used:
D:1:      roderic_octagonal_star, hangedman_decor_points, nrook_campfire
D:2:      nicolae_gozag_zags_fifth_avenue, overflow_temple_1_default,
          first_ration, uniq_robin, uniq_crazy_yiuf_cottage, uniq_sigmund
D:3:      lemuel_tele_altar
D:4:      kennysheep_the_goblin_king, nicolae_ru_path_of_blood,
          amethyst_overflow_temple_binary, cheibrodos_sewer_entry_drain,
          serial_park_tiny_1
D:5:      led_sif_pool, minmay_temple_entry_poolview, uniq_pikel
D:6:      basic_altar, serial_shops, shop, nicolae_shop_behind_doors
D:7:      enter_bailey_2, grunt_ogre_cave, fountainhead, uniq_harold
Temple:   regret_index_temple_waves

Skill      XL: |  1  2  3  4  5  6  7  8 |
---------------+-------------------------+-----
Stealth        | 5 6 7 8 |  8.4
Fighting       | 2 3 4 |  4.5
Short Blades   | 3 4 5 7 |  7.4
Dodging        | 2 3 5 |  5.1
Throwing       | |  2.4

Action                   |  1- 3 |  4- 6 |  7- 9 || total
-------------------------+-------+-------+-------++-------
Melee: Dagger            |    79 |   127 |   555 ||   761
 Fire: Blowgun           |       |       |     9 ||     9
Evoke: Wand              |       |       |     1 ||     1
  Use: Scroll            |     1 |       |    13 ||    14
       Potion            |     1 |     4 |     2 ||     7
 Stab: Sleeping          |     3 |     6 |    14 ||    23
       Invisible         |     2 |       |       ||     2
       Distracted        |       |       |     2 ||     2
  Eat: Chunk             |     3 |     4 |    16 ||    23
Armor: Robe              |    15 |    20 |    74 ||   109
       Skin              |       |    21 |       ||    21
Dodge: Dodged            |    50 |    57 |   354 ||   461

Table legend:
 A = Non-vault XP
 B = Vault XP
 C = Vault XP percentage of total XP
 D = Non-vault monster count
 E = Vault monster count
 F = Vault count percentage of total count
                 A         B        C        D         E       F
            +---------+---------+-------+---------+---------+-------
      Total |    1865 |     354 |  16.0 |     100 |      23 |  18.7
            +---------+---------+-------+---------+---------+-------
        D:1 |      27 |       4 |  12.9 |      15 |       2 |  11.8
        D:2 |      36 |     297 |  89.2 |      13 |      12 |  48.0
        D:3 |     228 |       0 |   0.0 |      25 |       0 |   0.0
        D:4 |     429 |      53 |  11.0 |      16 |       9 |  36.0
        D:5 |     468 |       0 |   0.0 |      17 |       0 |   0.0
        D:6 |     589 |       0 |   0.0 |       9 |       0 |   0.0
        D:7 |      88 |       0 |   0.0 |       5 |       0 |   0.0
            +---------+---------+-------+---------+---------+-------
